Cogmind - Beta 16 X2 @@@ ROGUE MODE // 2025.10.12 @ 12:07:28 Player: Infomantis Result: Destroyed by G-73 Enforcer with Heavy Laser Performance ------------- Evolutions (8) 4000 Regions Visited (25) 5000 Robots Destroyed (506) 2530 Value Destroyed (27134) 27134 Prototype IDs (53) 1060 Alien Tech Used (4) 800 Bonus (27076) 27076 TOTAL SCORE: 67600 Bonus ------- Triggered High Security 1000 High Alert Combat Kills 15459 Follower Combat Kills 2916 Entered Garrisons 1000 Used RIF Installer 3500 Entered DSFs 500 Network Hubs Disabled 400 Built Enhanced Grunts 300 A7 Reached Mainframe 300 Met R17 at Cetus 500 Hacked Protovariant 500 Met R17 at Research 2000 Friendly Fire -1299 Cogmind --------- Core Integrity 0/1450 Matter 300/300 Energy 62/100 System Corruption 21% Temperature Cool (9) Movement Hovering (66) Location -2/Section 7 Parts ------- > --- POWER (2) -------- (None) > --- PROPULSION (6) --- Hovering Myomer-Biometal Exoskeleton Improved Gyrokinetic Inverter > --- UTILITY (12) ----- Armored Scrap Engine Advanced Coolant Injector High-capacity Storage Unit Spectral Analyzer Core Analyzer Experimental Core Analyzer Relay Coupler [Proto] (16) Spacefold Activator > --- WEAPON (3) ------- Flak Accelerated HMG Construct/C > --- INVENTORY (20) --- Light Antimatter Reactor Makeshift Microdissipator Network Experimental Energy Well (600) Experimental Matter Compressor (500) Long-range Sensor Array Advanced Weapon Cycler Advanced Transmission Jammer Centrium Medium Armor Plating Graphene Brace Improved Force Field Authchip [R/Combat] Relay Coupler [NC] (39) Relay Coupler [NC] (41) Relay Coupler [Sentry] (27) Relay Coupler [Hunter] (27) Relay Coupler [Proto] (16) Enhanced Quantum Rifle Compact HERF Cannon Tiamat Missile Launcher Advanced Remote Datajack Peak State ------------ > --- POWER ------------ Light Quantum Reactor Antimatter-Quantum Reactor > --- PROPULSION ------- Centrium Leg Hovering Myomer-Biometal Exoskeleton > --- UTILITY ---------- Armored Scrap Engine Advanced Heat Sink Advanced Heat Sink Advanced Coolant Injector High-capacity Storage Unit Spectral Analyzer Core Analyzer Advanced Transmission Jammer Phase Armor Phase Redirector > --- WEAPON ----------- Hpw. Thermal Quantum Construct/G Flak Accelerated HMG Construct/C > --- INVENTORY -------- Advanced Heat Sink Advanced Heat Sink Advanced Heat Sink Makeshift Microdissipator Network Experimental Energy Well Experimental Matter Compressor Long-range Sensor Array Advanced Weapon Cycler Advanced Cloaking Device Centrium Medium Armor Plating Graphene Brace Improved Force Field Authchip [R/Combat] Relay Coupler [Sentry] Long-range Tractor Beam Compact HERF Cannon Tiamat Missile Launcher Micro-nuke Launcher Containment Facilitator Advanced Remote Datajack [Rating: 206] Favorites ----------- Power Constructs Engine Cooled Ion Engine Power Core Micro Fission Core Reactor Constructs Propulsion Constructs Treads Light Treads Leg Centrium Leg Hover Unit Constructs Flight Unit Xenon Bombardment Thruster Utility Advanced Heat Sink Device Advanced Heat Sink Storage High-capacity Storage Unit Processor Core Analyzer Hackware Relay Coupler [Proto] Protection Centrium Medium Armor Plating Artifact Phase Armor Weapon Constructs Energy Gun Improved Medium Laser Energy Cannon Heavy Proton Cannon Ballistic Gun Improved Assault Rifle Ballistic Cannon Constructs Launcher Grenade Launcher Special Weapon Advanced Remote Datajack Impact Weapon Maul Piercing Weapon Plasma Lance Special Melee Weapon Datajack Build | -11 -10 -10 -9 -9 -9 -7 -7 -6 -6 -6 -6 -6 -5 -5 -5 -5 -4 -4 -3 -3 -3 -2 -2 -2 -2 ------- Run | Yrd Mat Min Mat Sto Rec Fac DSF Fac Ext Cet Arc Hub Fac Gar Fac Gar Fac Gar Res Tes Gar Res Qua Gar Sec Slots Evolved 16 | . . . 2 . . 4 . 2 . . . . 2 . . . 2 . 2 . . 2 . . . Power 1 | . . . . . . . . . . . . . 1 . . . . . . . . . . . . Propulsion 4 | . . . 1 . . 1 . 1 . . . . . . . . . . 1 . . . . . . Utility 10 | . . . 1 . . 2 . 1 . . . . 1 . . . 2 . 1 . . 2 . . . Weapon 1 | . . . . . . 1 . . . . . . . . . . . . . . . . . . . Parts Attached 199 | 7 11 2 14 14 4 3 3 5 15 4 1 6 8 13 . 6 9 6 15 15 6 9 4 12 7 Power 16 | 1 2 . 3 . . . . . . . . 2 2 1 . . . . . . . 1 . 4 . Engine 7 | 1 2 . 3 . . . . . . . . 1 . . . . . . . . . . . . . Core 1 | . . . . . . . . . . . . . 1 . . . . . . . . . . . . Reactor 8 | . . . . . . . . . . . . 1 1 1 . . . . . . . 1 . 4 . Propulsion 22 | 2 2 . 3 8 1 . . . . . . . . . . . . . . . 1 1 . . 4 Treads 15 | 2 2 . 3 6 1 . . . . . . . . . . . . . . . . . . . 1 Leg 2 | . . . . . . . . . . . . . . . . . . . . . 1 1 . . . Wheel . | . . . . . . . . . . . . . . . . . . . . . . . . . . Hover 2 | . . . . . . . . . . . . . . . . . . . . . . . . . 2 Flight 3 | . . . . 2 . . . . . . . . . . . . . . . . . . . . 1 Utility 108 | 2 2 1 3 3 2 2 3 1 11 1 1 3 3 9 . 4 5 4 12 12 3 7 4 7 3 Device 66 | 1 1 1 . 2 2 1 2 1 8 . 1 1 2 6 . 3 4 3 8 6 2 4 2 4 1 Storage 7 | 1 . . 2 . . . . . . . . . . 1 . . . . 1 . . 1 . 1 . Processor 14 | . . . . 1 . . . . . . . . 1 1 . . . 1 . 6 1 2 . . 1 Hackware 10 | . 1 . . . . . . . 1 . . 1 . 1 . 1 . . 3 . . . . 2 . Protection 8 | . . . 1 . . 1 1 . 2 1 . 1 . . . . 1 . . . . . . . . Artifact 3 | . . . . . . . . . . . . . . . . . . . . . . . 2 . 1 Weapon 53 | 2 5 1 5 3 1 1 . 4 4 3 . 1 3 3 . 2 4 2 3 3 2 . . 1 . Energy Gun 15 | . 3 . 3 1 . 1 . 1 . 2 . 1 . . . . 1 1 1 . . . . . . Energy Cannon 5 | . . . . . . . . 1 . . . . 1 . . . 2 . . . 1 . . . . Ballistic Gun 13 | 2 2 . 2 . . . . 2 1 1 . . . . . 1 . . . 1 1 . . . . Ballistic Cannon 3 | . . . . 1 1 . . . . . . . 1 . . . . . . . . . . . . Launcher 6 | . . 1 . . . . . . 1 . . . . 2 . . 1 . . 1 . . . . . Special Weapon 6 | . . . . . . . . . . . . . . 1 . 1 . 1 1 1 . . . 1 . Impact Weapon 1 | . . . . . . . . . 1 . . . . . . . . . . . . . . . . Slashing Weapon . | . . . . . . . . . . . . . . . . . . . . . . . . . . Piercing Weapon 1 | . . . . . . . . . . . . . . . . . . . 1 . . . . . . Special Melee Weapon 3 | . . . . 1 . . . . 1 . . . 1 . . . . . . . . . . . . Unidentified Prototypes 35 | . . . 3 3 1 . . 1 . 3 . 1 1 . . . 4 . 3 7 . 2 2 . 4 Corrupted Parts 3 | . . . . . . . . . . . . 2 . . . . . . . . . . . 1 . System Corruption 28 | . . . . . . . . . . . . 20 . . . . . . . . . . . 8 . Parts Lost 43 | . 4 1 . 1 2 . 1 . . . . 3 . 1 . 2 2 2 2 1 1 5 3 5 7 Power 8 | . 1 . . . . . . . . . . 1 . . . . . . . . . 1 2 2 1 Propulsion 3 | . 1 . . . . . . . . . . . . . . . . . . . . . . 1 1 Utility 23 | . . 1 . 1 1 . 1 . . . . 1 . 1 . 1 2 2 2 1 . 2 1 2 4 Weapon 9 | . 2 . . . 1 . . . . . . 1 . . . 1 . . . . 1 2 . . 1 Highest Loss Streak 4 | . 2 1 . 1 1 . 1 . . . . 2 . 1 . 2 1 1 1 1 1 3 2 4 3 To Critical Strikes . | . . . . . . . . . . . . . . . . . . . . . . . . . . Average Backups 18 | 2 7 7 9 19 19 19 16 19 19 19 19 18 20 19 20 19 19 19 19 19 19 19 19 19 19 Power . | . . . . 1 1 1 1 1 1 1 1 . 1 1 1 1 1 1 1 1 1 1 . . 1 Propulsion 1 | . 1 2 1 2 3 2 1 3 3 3 2 2 1 . . . . . . . . . . . . Utility 11 | . 3 1 1 8 7 10 10 10 10 11 12 12 13 14 16 15 14 14 14 14 13 12 14 14 15 Weapon 3 | . 2 3 4 6 5 3 2 4 4 3 3 3 3 2 3 2 3 2 2 2 2 3 3 2 2 Tool/Special . | . . . . . . . . . . . . . . . . . . . . . . . . . . Unused Backups 53 | . 2 1 5 7 4 . 4 2 . 1 1 . 4 3 . 2 . 1 2 . 1 1 . 3 9 Power 3 | . . . 1 . 1 . . . . . . . . . . . . . . . . 1 . . . Propulsion 4 | . . . 1 . . . . . . . 1 . 1 1 . . . . . . . . . . . Utility 31 | . 2 . 1 3 . . 3 1 . 1 . . 3 2 . 1 . . 2 . 1 . . 3 8 Weapon 15 | . . 1 2 4 3 . 1 1 . . . . . . . 1 . 1 . . . . . . 1 Tool/Special . | . . . . . . . . . . . . . . . . . . . . . . . . . . Average Slot Usage (%) 70 | . 99 99 96 99 81 59 67 60 59 60 60 56 60 62 58 58 61 62 60 60 60 63 66 64 65 Engine 3 | . 14 14 11 11 10 7 7 6 6 . . . . . . . . . . . . . . . . Core 1 | . . . . . . . . . . 5 6 1 2 2 . . . . . . . . . . . Reactor 2 | . . . . . . . . . . . . 3 5 6 5 5 5 5 4 4 4 4 5 6 3 Treads 8 | . 27 28 33 32 19 . . . 1 4 . 3 . . . . . . 3 4 3 . . . . Leg 2 | . . . . . 1 . . 2 4 1 6 2 4 4 . 2 5 5 . . . 7 6 1 . Device 19 | . 10 13 11 20 10 13 14 17 20 20 20 19 17 22 23 21 25 28 24 19 19 25 26 33 22 Storage 7 | . 14 14 11 11 11 7 7 6 6 6 6 6 5 5 5 5 5 5 4 4 4 4 4 4 4 Processor 4 | . . . . 1 5 . . . . . . . 3 4 5 5 5 7 9 13 19 12 8 8 10 Protection 2 | . . . 7 . . 5 7 6 5 6 6 5 5 . . . 4 . 2 1 . . . . . Energy Gun 2 | . 8 . 4 . 5 8 13 6 2 2 . . 2 . . . . 2 1 1 . . 4 . . Ballistic Gun 6 | . 19 25 17 21 11 7 7 5 2 3 6 3 . . . 1 . . . . 2 . . . . Ballistic Cannon 3 | . . . . . . . . 1 3 . 5 6 7 8 1 1 5 1 3 1 3 . 4 4 4 Peak Build Rating 206 | 7 11 9 18 28 45 53 57 77 89 99 97 115 124 126 128 128 139 145 157 157 154 188 206 178 176 Average Rating 93 | 5 9 8 14 24 33 49 54 69 84 93 95 102 119 121 122 125 132 141 148 143 142 174 191 157 158 On Entrance 92 | . 7 9 9 18 27 45 53 57 76 89 94 97 114 123 117 128 125 139 141 145 142 154 175 152 156 Avg Prop Armor Cover (%) . | . . . . 2 . . . . . . 11 . . . . . . . . . . . . . . Naked Turns . | . . . . . . . . . . . . . . . . . . . . . . . . . . Heaviest Build 149 | 12 16 15 58 67 60 61 62 65 66 71 71 85 95 111 109 125 137 130 106 92 98 116 149 97 81 Greatest Support 213 | 40 40 40 60 60 63 60 60 116 116 98 89 195 164 164 154 154 138 138 197 197 183 213 185 144 114 Greatest Overweight (x) 23 | . . . . 1 2 1 1 . . . 23 . . 1 . . . . . . . . . 2 . Average Overweight (x) . | . . . . . . . . . . . 11 . . . . . . . . . . . . . . Largest Inventory Capacity 20 | 8 8 8 20 20 20 20 20 20 20 20 20 20 20 20 20 20 20 20 20 20 20 20 20 20 20 Average Capacity 18 | 7 8 8 10 20 20 20 20 20 20 20 20 20 20 20 20 20 20 20 20 20 20 20 20 20 20 Most Carried 20 | 7 8 8 19 20 20 20 20 20 20 20 20 20 20 20 20 20 20 20 20 20 20 20 20 20 20 Average Carried 18 | 2 7 7 9 19 19 18 19 19 19 19 19 18 19 19 20 19 19 19 19 19 19 19 19 19 19 Final Capacity 20 | 8 8 8 20 20 20 20 20 20 20 20 20 20 20 20 20 20 20 20 20 20 20 20 20 20 20 Final Carried 20 | 7 8 8 19 20 20 17 20 20 20 20 20 20 20 20 20 20 20 20 20 20 20 20 20 20 20 Scrap Engine Consumption 261 | . . . . . 24 . 17 10 43 12 1 16 8 25 . 1 5 18 10 11 18 9 5 22 6 Constructs Created 8 | . . . . . 3 . . . . . . 1 . . . 1 . . . . . 1 . 2 . Constructs Modified 99 | . . . . . 4 . 1 8 15 4 1 7 1 4 3 3 . 11 7 4 8 4 1 13 . Class Distribution -------------------- 28% | Commander-Construct 21% | Mutant 18% | Scavenger-Construct 15% | Construct 6% | Bothacker-Construct 5% | Scavenger-Mutant Dominant Class ---------------- Mutant | -10/Materials Mutant | -10/Mines Scavenger-Mutant | -9/Materials Mutant | -9/Storage Mutant | -9/Recycling Commander-Construct | -7/Factory Commander-Construct | -7/DSF Commander-Construct | -6/Factory Construct | -6/Extension Commander-Construct | -6/Cetus Commander-Construct | -6/Archives Commander-Construct | -6/Hub_04(d) Construct | -5/Factory Construct | -5/Garrison Bothacker-Construct | -5/Factory Bothacker-Construct | -5/Garrison Scavenger-Construct | -4/Factory Bothacker-Construct | -4/Garrison Scavenger-Construct | -3/Research Scavenger-Construct | -3/Testing Scavenger-Construct | -3/Garrison Scavenger-Construct | -2/Research Construct | -2/Quarantine Scavenger-Mutant | -2/Garrison Botlord-Gunner | -2/Section 7 Resources | -11 -10 -10 -9 -9 -9 -7 -7 -6 -6 -6 -6 -6 -5 -5 -5 -5 -4 -4 -3 -3 -3 -2 -2 -2 -2 ----------- Run | Yrd Mat Min Mat Sto Rec Fac DSF Fac Ext Cet Arc Hub Fac Gar Fac Gar Fac Gar Res Tes Gar Res Qua Gar Sec Matter Collected 10626 | 334 326 224 341 518 346 . 87 132 1389 509 244 865 309 1041 . 603 338 524 593 287 155 646 134 453 228 Remotely 1055 | . . . . . . . . . 239 232 . 239 64 63 . . . . 218 . . . . . . Salvage Created 23081 | 147 657 274 584 797 596 . 471 203 1899 408 306 2146 300 1887 . 1587 427 1071 1244 1378 1242 2141 1252 1715 349 Parts 914 | 12 36 8 25 48 29 . 16 11 82 14 23 70 23 96 . 70 13 29 39 46 51 74 43 43 13 Haulers Intercepted 8 | . 1 . 2 2 . . . . . . . . . . . . 1 . . . . 2 . . . Recyclers Shooed 9 | . . . 4 1 2 . . . 1 . . . . . . . . . . . . 1 . . . Parts Field Recycled . | . . . . . . . . . . . . . . . . . . . . . . . . . . Retrieved Matter . | . . . . . . . . . . . . . . . . . . . . . . . . . . Parts Self-Destructed . | . . . . . . . . . . . . . . . . . . . . . . . . . . Prevented . | . . . . . . . . . . . . . . . . . . . . . . . . . . Parts Restored . | . . . . . . . . . . . . . . . . . . . . . . . . . . Kills | -11 -10 -10 -9 -9 -9 -7 -7 -6 -6 -6 -6 -6 -5 -5 -5 -5 -4 -4 -3 -3 -3 -2 -2 -2 -2 ------- Run | Yrd Mat Min Mat Sto Rec Fac DSF Fac Ext Cet Arc Hub Fac Gar Fac Gar Fac Gar Res Tes Gar Res Qua Gar Sec Combat Hostiles Destroyed 425 | . 16 9 4 11 8 . 9 3 28 6 . 22 5 37 . 32 12 32 24 18 41 40 28 33 7 Guns 67 | . 16 7 4 11 8 . 8 2 7 1 . 1 . . . . . . . . . . . 2 . Cannons 334 | . . . . . . . . . 19 4 . 20 5 35 . 30 10 28 24 18 41 39 28 26 7 AOE 9 | . . 2 . . . . . . . . . . . 2 . . 1 . . . . . . 4 . Classes Destroyed 28 | 2 5 2 1 3 2 . 3 . 1 . . 5 1 1 . . . 1 . 1 . . . . . Worker 14 | . . . . 1 . . . 2 2 . . 1 1 . . . . . 1 2 . 2 2 . . Builder 11 | . . 1 1 . 1 . . . 2 . . . . . . . . . . . . 4 2 . . Tunneler 7 | 4 . . 1 1 . . . . . . . . 1 . . . . . . . . . . . . Hauler 8 | . 1 . 2 2 . . . . . . . . . . . . 1 . . . . 2 . . . Recycler 11 | 1 . 1 3 1 1 . . . 1 . . . . . . . . . . 2 . 1 . . . Mechanic 1 | . . . . . . . . . . . . 1 . . . . . . . . . . . . . Operator 15 | . . . 1 . . . . . 1 . 8 . 1 . . . . . 2 1 . 1 . . . Drone 1 | . . . . . 1 . . . . . . . . . . . . . . . . . . . . Watcher 6 | . 1 . 1 . . . . . . . . . 1 1 . . . . . . 1 1 . . . Swarmer 86 | . 3 . . . . . . . . . . . 2 10 . 7 7 11 4 . 21 7 5 6 3 Cutter 9 | . . . . . . . . . . . . . . 2 . 7 . . . . . . . . . Saboteur 2 | . . . . . . . . . . . . 1 . . . . . . . . . 1 . . . Grunt 145 | . 12 3 4 5 . . 5 2 13 . . 11 . 13 . 10 2 8 13 9 2 12 12 9 . Brawler 11 | . . . . 1 1 . . . 1 . . . . . . . . . 1 . 4 . 1 2 . Duelist 11 | . . . . . . . . . . . . 3 . . . . 1 . . 1 . 1 . 5 . Protector 2 | . . . . . . . . . . . . 1 . . . . . . . 1 . . . . . Sentry 42 | . . . . 4 4 . . 1 8 . . 2 1 5 . 3 1 1 1 . 1 3 . 4 3 Demolisher 1 | . . . . . . . . . . . . 1 . . . . . . . . . . . . . Specialist 10 | . . . . . . . 2 . . . . . . . . . . . . . 8 . . . . Hunter 43 | . . . . . . . 1 . 4 . . . . 4 . 1 1 4 2 5 4 8 5 3 1 Programmer 31 | . . . . . . . . . . . . . 2 2 . 4 . 3 2 2 . 8 5 3 . Heavy 1 | . . . . . . . 1 . . . . . . . . . . . . . . . . . . Behemoth 9 | . . . . . . . . . 1 . . . . 1 . 1 . 3 1 . 1 . . 1 . Cetus Guard 6 | . . . . . . . . . . 6 . . . . . . . . . . . . . . . Enhanced Grunt 3 | . . . . . . . . . . . . 3 . . . . . . . . . . . . . Lightning 3 | . . . . . . . . . . . . 3 . . . . . . . . . . . . . Investigator 1 | . . . . . . . . . . . . . . . . . . . . 1 . . . . . Striker 2 | . . . . . . . . . . . . . . . . . . 2 . . . . . . . Subdweller 1 | . 1 . . . . . . . . . . . . . . . . . . . . . . . . Scrapper 3 | . . . . . 3 . . . . . . . . . . . . . . . . . . . . Assembled 6 | . . 6 . . . . . . . . . . . . . . . . . . . . . . . Thug 3 | . . . . . . . . . . . . 3 . . . . . . . . . . . . . Butcher 3 | . . . . . . . . . . . . 3 . . . . . . . . . . . . . Guerrilla 3 | . . . . . . . . . 1 . . 2 . . . . . . . . . . . . . Best Kill Streak 16 | 1 4 4 4 4 2 . 3 3 7 4 1 11 4 7 . 11 4 7 4 13 16 13 10 9 3 Combat Bots Only 16 | . 3 3 1 3 2 . 3 1 4 4 . 10 2 7 . 11 4 7 3 7 16 12 8 9 3 Max Kills in Single Turn 7 | 1 1 2 2 2 1 . 1 1 2 1 1 7 2 2 . 2 2 1 1 2 4 2 3 2 2 Gunslinging . | . . . . . . . . . . . . . . . . . . . . . . . . . . Exploded 2 | . . 2 . . . . . . . . . . . 1 . . 1 . . . . . . 2 . Melee . | . . . . . . . . . . . . . . . . . . . . . . . . . . Uniques/NPCs Destroyed 2 | . . . . 1 . . . . . . 1 . . . . . . . . . . . . . . 01-MTF (-9/Storage) A7 (-6/Archives) Combat | -11 -10 -10 -9 -9 -9 -7 -7 -6 -6 -6 -6 -6 -5 -5 -5 -5 -4 -4 -3 -3 -3 -2 -2 -2 -2 -------- Run | Yrd Mat Min Mat Sto Rec Fac DSF Fac Ext Cet Arc Hub Fac Gar Fac Gar Fac Gar Res Tes Gar Res Qua Gar Sec Hostile Shots Fired 2278 | . 95 24 22 42 29 . 47 46 365 20 4 216 15 141 . 75 140 190 97 116 110 114 132 119 119 Missed 817 | . 26 3 6 12 3 . 20 23 135 7 . 64 10 55 . 26 73 64 44 48 36 28 40 45 49 Hits 1461 | . 69 21 16 30 26 . 27 23 230 13 4 152 5 86 . 49 67 126 53 68 74 86 92 74 70 Melee 28 | . . 6 . . . . . . 2 . . 2 . 1 . 8 1 . . . 1 . 1 . 6 Projectile 1433 | . 69 15 16 30 26 . 27 23 228 13 4 150 5 85 . 41 66 126 53 68 73 86 91 74 64 AOE 6 | . . . . . . . . . . . . 3 1 1 . . . . . . . . . . 1 Critical Strikes 67 | . 1 . . 1 4 . 6 . 6 1 . 6 . 3 . 4 4 5 2 4 . 5 3 6 6 Actively Blocked 10 | . . . . . . . . . . . . . . . . . . 2 2 . . . . 6 . Part Disruptions 4 | . . 1 . 2 . . . . . . . . . . . . . . 1 . . . . . . Damage Taken 28041 | . 861 322 234 439 505 . 467 242 2492 304 100 3018 172 1533 . 1023 1472 2579 1181 1160 1553 2036 2066 1985 2297 Core 2842 | . 80 68 21 10 69 . 19 . 241 . . 114 38 67 . 83 69 227 104 101 74 243 249 214 751 Absorbed by Shields 640 | . . . . . . . 67 19 171 12 . . . 148 . . 102 . 106 . 15 . . . . Reduced by Siege Mode 94 | . . . . . . . . . . . . 94 . . . . . . . . . . . . . Redirected to Core 171 | . . . . . . . . . . . . . . . . . . . . . . . 171 . . Regen/Repaired (Parts) 12477 | . . . 97 . 10 . 108 131 1418 353 101 1559 149 969 273 633 . 779 1812 644 1289 586 572 994 . Core Remaining (%) 75 | 100 . 40 . . 75 . 97 . . . . 58 . . . 81 . 74 . . 78 . . . . Volleys Fired 1347 | 16 77 24 51 32 36 . 20 17 93 17 53 75 18 107 . 83 44 102 81 52 74 82 57 112 24 Largest 3 | 2 2 2 2 2 2 . 3 3 2 2 2 2 2 2 . 2 1 1 1 1 1 2 1 1 1 Hottest 324 | 40 105 45 112 71 79 . 169 201 238 240 143 143 177 183 . 324 108 125 98 168 168 259 168 168 168 Shots Fired 1743 | 27 150 45 101 62 60 . 52 39 173 30 55 104 21 112 . 85 44 100 81 52 76 84 57 110 23 Gun 727 | 27 150 43 100 58 51 . 52 36 81 15 50 33 3 . . 8 . . . . 9 3 1 7 . Cannon 971 | . . . . 4 9 . . 3 91 15 5 71 18 109 . 74 44 100 76 51 63 81 56 79 22 Launcher 11 | . . 2 1 . . . . . 1 . . . . 3 . . . . . . . . . 3 1 Special 34 | . . . . . . . . . . . . . . . . 3 . . 5 1 4 . . 21 . Kinetic 1081 | 27 101 43 61 62 54 . . 27 100 7 50 80 17 99 . 16 38 34 . 22 71 29 56 65 22 Thermal 562 | . 46 . 20 . 6 . 52 12 72 23 5 24 3 . . 66 . 65 76 29 . 55 1 7 . Explosive 10 | . . 2 1 . . . . . 1 . . . . 3 . . . . . . . . . 3 . Electromagnetic 55 | . 3 . 19 . . . . . . . . . 1 10 . . 6 1 . . 1 . . 14 . Robot Hit Streak 32 | 4 13 11 9 13 19 . 32 8 13 13 7 12 7 14 . 13 12 8 25 17 22 10 11 17 7 Robot Miss Streak 11 | 6 4 3 3 1 3 . 2 3 4 4 4 6 5 7 . 11 6 4 4 6 9 9 7 6 7 Penetration Max 3 | . . . . . . . . 1 1 . 1 1 1 1 . . 1 1 . 1 3 . . . . Secondary Targets 6 | . 2 . . 1 . . 3 . . . . . . . . . . . . . . . . . . Max Gunslinging Chain 1 | . 1 . . 1 . . 1 . . . . . . . . . . . . . . . . . . Capacitor 52 | . . . . . . . . . . . . . . . . . . . . . . 52 . . . Shots Hit Robots 1407 | 10 106 27 62 42 64 . 42 30 181 24 33 87 15 84 . 65 35 88 74 41 60 74 52 92 19 Core Hits 1185 | 5 33 16 26 22 21 . 16 12 77 21 24 104 17 107 . 59 28 66 47 34 135 125 77 92 21 Critical Kills 32 | . . . . 1 . . 1 . 2 . 2 1 . . . 1 . . 3 5 10 3 3 . . Critical Parts Destroyed 46 | 1 1 1 . . 2 . . . 2 . 2 5 . 2 . 1 . . 4 5 15 3 2 . . Critical Strikes 91 | 1 2 1 . 1 2 . 6 . 4 . 4 6 . 3 . 2 . . 8 10 30 6 5 . . Burn 6 | . 1 . . . . . 5 . . . . . . . . . . . . . . . . . . Meltdown 1 | . . . . . . . 1 . . . . . . . . . . . . . . . . . . Destroy 83 | 1 1 1 . 1 2 . . . 4 . 4 6 . 2 . 2 . . 8 10 30 6 5 . . Blast 1 | . . . . . . . . . . . . . . 1 . . . . . . . . . . . Melee Attacks 73 | . . . . 1 25 . . 1 46 . . . . . . . . . . . . . . . . Impact . | . . . . . . . . . . . . . . . . . . . . . . . . . . Slashing . | . . . . . . . . . . . . . . . . . . . . . . . . . . Piercing . | . . . . . . . . . . . . . . . . . . . . . . . . . . Sneak Attacks 71 | . . . . 1 24 . . 1 45 . . . . . . . . . . . . . . . . Combat Hostiles . | . . . . . . . . . . . . . . . . . . . . . . . . . . Follow-up Attacks . | . . . . . . . . . . . . . . . . . . . . . . . . . . Damage Inflicted 68790 | 133 1342 490 967 715 646 . 769 690 5550 1188 1229 5156 581 4772 . 3516 2364 5412 4565 3174 6007 6623 4765 7075 1061 Guns 9167 | 133 1342 383 956 694 617 . 769 633 1569 281 854 594 70 . . 36 . . . . . 46 . 190 . Cannons 56587 | . . . . . . . . 57 3769 907 375 3454 443 4242 . 3480 2214 5412 4565 3142 6007 6536 4747 6196 1041 Explosions 2787 | . . 107 . . . . . . 176 . . 1099 58 530 . . 150 . . . . . . 667 . Melee . | . . . . . . . . . . . . . . . . . . . . . . . . . . Ramming 249 | . . . 11 21 29 . . . 36 . . 9 10 . . . . . . 32 . 41 18 22 20 Kinetic 40280 | 133 898 383 633 694 513 . . 433 2874 102 854 2741 443 4242 . 413 2057 1778 . 1362 6007 2126 4747 5806 1041 Thermal 24820 | . 412 . 190 . 104 . 769 257 2464 1086 375 1307 128 . . 3103 . 3634 4565 1780 . 4456 . 190 . Explosive 1630 | . . 107 . . . . . . 176 . . . . 530 . . 150 . . . . . . 667 . Electromagnetic 1811 | . 32 . 133 . . . . . . . . 1099 . . . . 157 . . . . . . 390 . Impact . | . . . . . . . . . . . . . . . . . . . . . . . . . . Slashing . | . . . . . . . . . . . . . . . . . . . . . . . . . . Piercing . | . . . . . . . . . . . . . . . . . . . . . . . . . . Highest Corruption 36 | . 1 2 . 1 2 . . . 1 1 1 36 . 1 1 2 1 6 1 1 3 5 8 17 21 Average Corruption 4 | . 1 1 . 1 1 . . . 1 1 1 22 . 1 1 1 1 5 1 1 1 2 6 13 17 Corruption Purged 1 | . . . . . . . . . . . 1 . . . . . . . . . . . . . . Corruption Blocked . | . . . . . . . . . . . . . . . . . . . . . . . . . . Effects 205 | . 3 4 . 5 28 . . . 10 1 1 18 . 8 . 5 3 23 2 2 6 5 14 52 15 Message Errors 47 | . 2 1 . 2 8 . . . 3 . . 3 . 3 . 1 1 6 . . . . 2 13 2 Matter Fused 51 | . 1 2 . . 8 . . . 2 . . 4 . 3 . 1 . 5 1 1 2 1 5 10 5 Heat Flow Errors 28 | . . . . 1 4 . . . 1 1 . 2 . . . 1 . 2 . . 1 1 5 8 1 Energy Discharges 24 | . . . . 1 2 . . . 2 . . . . 1 . 2 1 2 . . . 1 1 9 2 Parts Rejected 3 | . . 1 . . . . . . . . . 1 . . . . . . . . . . . 1 . Data Loss (minor) 24 | . . . . . 2 . . . . . . 2 . 1 . . . 5 1 1 1 2 1 5 3 Data Loss (major) 9 | . . . . . 3 . . . . . . 2 . . . . 1 1 . . . . . 2 . Misfires 4 | . . . . 1 1 . . . . . . . . . . . . . . . 2 . . . . Alerts 3 | . . . . . . . . . 2 . 1 . . . . . . . . . . . . . . Misdirections 3 | . . . . . . . . . . . . . . . . . . . . . . . . 2 1 Weapon Failures 9 | . . . . . . . . . . . . 4 . . . . . 2 . . . . . 2 1 Overload Shots 4 | . . . . . . . . . . 1 . . . . . 3 . . . . . . . . . Overflow Damage 864 | . . . . . . . . . 213 . . 18 . 82 . 44 70 69 171 24 21 50 16 86 . Projectiles 654 | . . . . . . . . . 182 . . . . 22 . 44 54 69 171 24 21 50 16 1 . Explosions 194 | . . . . . . . . . 15 . . 18 . 60 . . 16 . . . . . . 85 . Melee 16 | . . . . . . . . . 16 . . . . . . . . . . . . . . . . Knockbacks 282 | . . . . . . . . . 9 . . 23 7 31 . 5 34 17 . 15 36 20 50 25 10 Impact . | . . . . . . . . . . . . . . . . . . . . . . . . . . Kinetic 251 | . . . . . . . . . 9 . . 23 7 29 . 4 28 16 . 12 35 15 44 22 7 Secondary 31 | . . . . . . . . . . . . . . 2 . 1 6 1 . 3 1 5 6 3 3 Self-Inflicted Damage 317 | . . . 11 . . . . . . . . 97 . 36 . . 84 . . . . . . 79 10 Shots 6 | . . . 1 . . . . . . . . 1 . 1 . . 2 . . . . . . 1 . Rammed 14 | 1 1 . 4 3 3 . . . . . . . . . . . . . . . . . . 1 1 Targets Rammed 24 | 1 1 2 4 3 3 . . . 1 . . 2 1 . . . . . . 1 . 2 1 1 1 Kicked 7 | . . . . . . . . . 1 . . 2 1 . . . . . . . . 2 1 . . Crushed 3 | . . 2 . . . . . . . . . . . . . . . . . 1 . . . . . Highest Temperature 476 | . 243 52 216 179 270 . 185 262 254 193 . 230 180 288 . 476 124 188 116 286 262 199 383 257 162 Average Temperature 75 | . 68 11 48 81 79 . 75 79 71 59 . 78 71 99 . 88 51 32 62 100 105 71 88 89 80 Received Heat Transfer 4531 | . 405 90 99 138 278 . 85 94 763 45 18 696 12 239 . 153 151 222 106 175 123 108 180 252 99 Effects 5 | . . . 3 . . . . . . . . . . 2 . . . . . . . . . . . Energy Bleed 2 | . . . . . . . . . . . . . . 2 . . . . . . . . . . . Interference 3 | . . . 3 . . . . . . . . . . . . . . . . . . . . . . Siege Activations 2 | . . . . . . . . . . . . 2 . . . . . . . . . . . . . Total Turns 43 | . . . . . . . . . . . . 43 . . . . . . . . . . . . . Longest Duration 32 | . . . . . . . . . . . . 32 . . . . . . . . . . . . . Martial Activations . | . . . . . . . . . . . . . . . . . . . . . . . . . . Shielding Activations . | . . . . . . . . . . . . . . . . . . . . . . . . . . Robots Disrupted . | . . . . . . . . . . . . . . . . . . . . . . . . . . Combat Hostiles . | . . . . . . . . . . . . . . . . . . . . . . . . . . Robots Corrupted 7 | . . . . . . . . . 1 . . 3 . . . . 1 . . . . . . 2 . Combat Hostiles 2 | . . . . . . . . . . . . . . . . . 1 . . . . . . 1 . Parts Fried 12 | . . . . . . . . . 3 . . 8 . . . . 1 . . . . . . . . Impact Corruptions 1 | . . . . . . . . . 1 . . . . . . . . . . . . . . . . Robots Melted 13 | . . . . . . . 1 1 2 1 . 1 . . . 2 . 4 . . . 1 . . . Combat Hostiles 13 | . . . . . . . 1 1 2 1 . 1 . . . 2 . 4 . . . 1 . . . Parts Melted 67 | . 2 . 3 . 2 . 5 2 5 4 1 11 . . . 14 . 6 3 2 . 7 . . . Heat Transferred 35002 | . 1017 . 481 . 222 . 2141 561 3650 1395 475 2648 161 . . 4753 . 5473 4014 1203 . 6623 . 185 . Parts Sabotaged . | . . . . . . . . . . . . . . . . . . . . . . . . . . Parts Stolen . | . . . . . . . . . . . . . . . . . . . . . . . . . . Parts Stripped . | . . . . . . . . . . . . . . . . . . . . . . . . . . Power Chain Reactions . | . . . . . . . . . . . . . . . . . . . . . . . . . . Alert | -11 -10 -10 -9 -9 -9 -7 -7 -6 -6 -6 -6 -6 -5 -5 -5 -5 -4 -4 -3 -3 -3 -2 -2 -2 -2 ------- Run | Yrd Mat Min Mat Sto Rec Fac DSF Fac Ext Cet Arc Hub Fac Gar Fac Gar Fac Gar Res Tes Gar Res Qua Gar Sec Maximum Alert Level 5 | . . . 1 . . 1 1 . 4 3 2 3 2 5 3 5 5 5 4 4 5 5 5 5 5 Low Security (%) 45 | 100 100 100 46 100 100 . 35 100 39 . 82 5 . . . . . . . . . . . . . Level 1 6 | . . . 53 . . 100 64 . 9 . 12 . 25 5 . . . . . . . . . . . Level 2 5 | . . . . . . . . . 7 . 5 20 74 21 . 10 . . . . 6 . . . . Level 3 14 | . . . . . . . . . 19 99 . 73 . 37 100 23 54 . 1 77 22 34 46 . . Level 4 17 | . . . . . . . . . 24 . . . . 29 . 42 29 52 98 22 59 47 43 21 12 Level 5 9 | . . . . . . . . . . . . . . 6 . 23 8 47 . . 11 . 10 78 87 High Security . | . . . . . . . . . . . . . . . . . 7 . . . . 18 . . . Max Security . | . . . . . . . . . . . . . . . . . . . . . . . . . . Sterilizations 1 | . . . . . . . 1 . . . . . . . . . . . . . . . . . . Peak Influence 2809 | 5 75 49 338 133 138 250 300 157 1275 913 475 1001 512 1601 840 1780 1627 1986 1442 1193 1848 1923 1741 2809 2354 Initial 1579 | . . 19 6 98 48 250 157 157 . 711 337 18 462 336 840 581 934 1131 1116 785 673 1039 1100 1287 1579 Average 641 | . 25 10 196 51 10 236 229 89 558 816 79 752 423 942 839 1268 1199 1593 1236 973 1233 1329 1249 2171 1969 Influence Increases 18947 | 25 491 133 612 402 285 255 253 80 1946 362 299 1355 345 1275 . 1219 913 875 975 717 1185 1324 924 1652 1045 Destroy 0b10 Robot/C 9780 | . 300 100 340 200 100 . 180 60 920 160 80 480 100 740 . 760 400 640 600 360 820 860 560 740 280 Destroy 0b10 Robot/NC 480 | 25 10 10 55 25 10 . . 10 60 10 40 25 20 10 . 5 5 . 20 30 15 55 20 15 5 Destroy Leader 1260 | . 74 10 90 64 . . 40 10 112 . . 90 22 40 . 60 42 30 100 50 60 156 80 60 70 Allied During Kill 2263 | . . 4 53 10 . . 8 . 745 170 120 243 . . . 91 98 . 123 . . 88 . 326 184 Trap Triggered on 0b10 30 | . . . . . . . 10 . . . . . 20 . . . . . . . . . . . . Successful Hack 483 | . 46 . 5 10 18 5 . . 21 . . 2 38 56 . 54 45 14 33 52 14 42 . 14 14 Select Force Hacks 300 | . 30 . 60 60 150 . . . . . . . . . . . . . . . . . . . . Disable Machine 945 | . . . . 15 . . . . 45 15 45 180 90 . . 75 135 15 30 105 . 15 105 30 45 Anti-Garrison Action 850 | . . . . . . . . . . . . 150 . 250 . 100 . . . . 100 . . 250 . Destroy Structure 1766 | . 1 9 9 3 7 . . . 43 7 14 170 40 179 . 74 158 176 54 120 176 93 144 217 72 Advance Influence 250 | . . . . . . 250 . . . . . . . . . . . . . . . . . . . Partial Spotted 30 | . . . . . . . . . . . . . . . . . . . . . . . . . 30 Lose Combat Pursuer 510 | . 30 . . 15 . . 15 . . . . 15 15 . . . 30 . 15 . . 15 15 . 345 Influence Decreases 16642 | 25 440 167 396 510 410 30 178 380 675 790 1089 463 809 155 771 269 1076 506 1565 1215 235 1249 1150 559 1530 Entered New Map 9553 | . . 32 11 135 77 . 68 143 . 560 506 35 483 145 761 249 846 486 870 611 225 809 842 429 1230 Time Decay 5089 | 25 423 135 325 335 295 30 . 207 455 170 523 278 326 . 10 . 170 . 350 294 . 310 278 . 150 Lost Part 395 | . 17 . . 10 18 . 10 . . . . 30 . 10 . 20 20 20 20 10 10 50 30 50 70 Lost Ally 1030 | . . . 60 30 20 . 100 30 220 60 60 120 . . . . 40 . 50 . . 80 . 80 80 Purge Threat 575 | . . . . . . . . . . . . . . . . . . . 275 300 . . . . . Squads Dispatched 87 | . 4 . 5 5 . . 2 5 7 . . 9 2 . . . 9 . 8 7 . 9 7 . 8 Investigation 19 | . 4 . 3 3 . . . 1 2 . . . . . . . 1 . 4 . . . 1 . . Extermination 7 | . . . . . . . . 1 . . . . 1 . . . . . . 1 . 2 2 . . Reinforcement 32 | . . . 2 1 . . 2 3 5 . . 2 . . . . 1 . 4 3 . 1 1 . 7 Assault 21 | . . . . . . . . . . . . 4 . . . . 5 . . 3 . 6 2 . 1 Garrison 8 | . . . . 1 . . . . . . . 3 1 . . . 2 . . . . . 1 . . Intercept . | . . . . . . . . . . . . . . . . . . . . . . . . . . Searches Triggered . | . . . . . . . . . . . . . . . . . . . . . . . . . . Construction Impeded 4 | . . . . . . . . . 2 . . . . . . . 1 . 1 . . . . . . Haulers Reinforced 4 | . . . . . . . . 1 . . . . . . . . . . 2 . . . . . 1 Active Scanning Responses . | . . . . . . . . . . . . . . . . . . . . . . . . . . Cargo Convoy Interrupts . | . . . . . . . . . . . . . . . . . . . . . . . . . . Stealth | -11 -10 -10 -9 -9 -9 -7 -7 -6 -6 -6 -6 -6 -5 -5 -5 -5 -4 -4 -3 -3 -3 -2 -2 -2 -2 --------- Run | Yrd Mat Min Mat Sto Rec Fac DSF Fac Ext Cet Arc Hub Fac Gar Fac Gar Fac Gar Res Tes Gar Res Qua Gar Sec Distress Signals 32 | . . . 9 1 . . . 1 2 2 . 1 1 . . . 1 . 7 2 . 3 1 . 1 Communications Jammed 58 | . . . . . . . . . . . . . . . . . . . . . . 47 6 5 . Distress Signals 58 | . . . . . . . . . . . . . . . . . . . . . . 47 6 5 . Times Spotted 668 | . 20 13 33 32 6 . 10 4 45 10 32 30 7 37 . 41 28 32 44 23 45 53 36 37 50 Peak Tracking Total 19 | . 3 4 8 5 2 . 3 2 8 5 1 5 4 6 . 8 12 6 5 6 12 7 6 9 19 Tactical Retreats 14 | . 1 1 . 1 . . 1 . . . . 1 1 . . . 1 . 1 . . 1 1 . 4 Traps | -11 -10 -10 -9 -9 -9 -7 -7 -6 -6 -6 -6 -6 -5 -5 -5 -5 -4 -4 -3 -3 -3 -2 -2 -2 -2 ------- Run | Yrd Mat Min Mat Sto Rec Fac DSF Fac Ext Cet Arc Hub Fac Gar Fac Gar Fac Gar Res Tes Gar Res Qua Gar Sec Traps Triggered 37 | . 1 . . . . . 4 1 4 . . 1 . 4 . 4 . 6 1 . 3 1 . 7 . Indirectly . | . . . . . . . . . . . . . . . . . . . . . . . . . . Trap Hack Attempts 75 | . . . . . . . . . . . . . 75 . . . . . . . . . . . . Triggered . | . . . . . . . . . . . . . . . . . . . . . . . . . . Disarmed . | . . . . . . . . . . . . . . . . . . . . . . . . . . Reprogrammed 4 | . . . . . . . . . . . . . 4 . . . . . . . . . . . . Reused 3 | . . . . . . . 1 . . . . . 2 . . . . . . . . . . . . Traps Extracted . | . . . . . . . . . . . . . . . . . . . . . . . . . . Installed 1 | . . . . . . . 1 . . . . . . . . . . . . . . . . . . Triggered 3 | . . . . . . . 1 . . . . . 2 . . . . . . . . . . . . Most Traps Carried 4 | . . . . . . . 4 3 . . . . . . . . . . . . . . . . . Machines | -11 -10 -10 -9 -9 -9 -7 -7 -6 -6 -6 -6 -6 -5 -5 -5 -5 -4 -4 -3 -3 -3 -2 -2 -2 -2 ---------- Run | Yrd Mat Min Mat Sto Rec Fac DSF Fac Ext Cet Arc Hub Fac Gar Fac Gar Fac Gar Res Tes Gar Res Qua Gar Sec Machines Disabled 79 | . . . . 1 . . . . 5 1 3 13 6 2 . 6 9 4 2 8 1 1 7 6 4 Max in Single Turn 12 | . . . . 1 . . . . 1 1 1 12 4 1 . 1 2 1 1 1 1 1 1 1 1 Garrison Access 4 | . . . . 1 . . . . . . . 2 . . . . . . 1 . . . . . . Garrison Relay 6 | . . . . . . . . . . . . . . 3 . 1 . . . . . . . 2 . Network Hub 2 | . . . . . . . . . . . . 2 . . . . . . . . . . . . . Machines Repaired . | . . . . . . . . . . . . . . . . . . . . . . . . . . Machines Dismantled . | . . . . . . . . . . . . . . . . . . . . . . . . . . Machines Sabotaged . | . . . . . . . . . . . . . . . . . . . . . . . . . . Overloaded Fab Kills . | . . . . . . . . . . . . . . . . . . . . . . . . . . Hacking | -11 -10 -10 -9 -9 -9 -7 -7 -6 -6 -6 -6 -6 -5 -5 -5 -5 -4 -4 -3 -3 -3 -2 -2 -2 -2 --------- Run | Yrd Mat Min Mat Sto Rec Fac DSF Fac Ext Cet Arc Hub Fac Gar Fac Gar Fac Gar Res Tes Gar Res Qua Gar Sec Machines Accessed 94 | . 8 . 6 8 12 1 . 4 8 . . 2 5 3 1 3 7 1 5 6 1 5 4 2 2 Terminals 65 | . 7 . 2 5 6 1 . 4 8 . . . 4 3 . 3 3 1 2 5 1 4 2 2 2 Fabricators 1 | . . . . . . . . . . . . . . . . . 1 . . . . . . . . Repair Stations 5 | . . . 1 . . . . . . . . . . . . . 1 . 2 . . . 1 . . Recycling Units 11 | . 1 . 2 2 5 . . . . . . . . . . . . . . . . 1 . . . Scanalyzers 2 | . . . 1 . . . . . . . . . . . . . 1 . . . . . . . . Garrison Access 9 | . . . . 1 . . . . . . . 2 1 . 1 . 1 . 1 1 . . 1 . . Total Hacks 257 | . 20 . 11 16 30 2 . 5 16 . . 2 11 18 1 13 36 2 11 20 2 15 9 10 7 Successful 104 | . 12 . 7 9 19 1 . 2 5 . . 1 4 5 1 4 10 2 5 7 1 5 2 1 1 Failed 152 | . 7 . 4 7 11 1 . 3 11 . . 1 7 13 . 9 26 . 6 13 1 10 7 9 6 Catastrophic 38 | . . . . . 3 . . 1 3 . . 1 3 2 . 3 4 . . 4 . 4 2 5 3 Database Lockouts 1 | . 1 . . . . . . . . . . . . . . . . . . . . . . . . Manual 98 | . 12 . 3 9 21 . . . 3 1 . . 4 8 . 4 9 1 9 6 . 2 3 2 1 Terminals 199 | . 19 . 4 12 22 2 . 5 16 . . . 10 18 . 13 14 2 5 18 2 13 7 10 7 Fabricators 6 | . . . . . . . . . . . . . . . . . 6 . . . . . . . . Repair Stations 16 | . . . 3 . . . . . . . . . . . . . 7 . 5 . . . 1 . . Recycling Units 13 | . 1 . 2 2 6 . . . . . . . . . . . . . . . . 2 . . . Scanalyzers 10 | . . . 2 . . . . . . . . . . . . . 8 . . . . . . . . Garrison Access 11 | . . . . 2 . . . . . . . 2 1 . 1 . 1 . 1 2 . . 1 . . Terminal Hacks 50 | . 7 . . 5 8 1 . 2 5 . . . 2 2 . 3 4 1 1 3 1 3 . 1 1 Record 2 | . . . . . 2 . . . . . . . . . . . . . . . . . . . . Part Schematic 4 | . 1 . . 1 2 . . . . . . . . . . . . . . . . . . . . Robot Schematic 1 | . . . . 1 . . . . . . . . . . . . . . . . . . . . . Robot Analysis 4 | . 1 . . 1 2 . . . . . . . . . . . . . . . . . . . . Prototype ID Bank 1 | . 1 . . . . . . . . . . . . . . . . . . . . . . . . Open Door 7 | . . . . 1 . . . 1 5 . . . . . . . . . . . . . . . . Open DSF 3 | . . . . . . 1 . 1 . . . . . . . . 1 . . . . . . . . Branch Access Points 3 | . 1 . . . . . . . . . . . . . . . . . 1 . . 1 . . . Emergency Access Points 5 | . . . . . . . . . . . . . . 1 . 1 . 1 . . 1 . . 1 . Terminal Index 3 | . 1 . . . . . . . . . . . . . . . 1 . . . . 1 . . . Unreport Threat 2 | . . . . . . . . . . . . . . . . . . . . 2 . . . . . Locate Traps 3 | . . . . . . . . . . . . . 1 . . . 1 . . . . . . . 1 Maintenance Status 1 | . . . . . . . . . . . . . . . . . . . . . . 1 . . . Hauler Manifests 3 | . 2 . . . . . . . . . . . . . . . 1 . . . . . . . . Registered Components 1 | . . . . . . . . . . . . . 1 . . . . . . . . . . . . Zone Layout 1 | . . . . 1 . . . . . . . . . . . . . . . . . . . . . Garrison Registry 1 | . . . . . . . . . . . . . . . . 1 . . . . . . . . . Patrol Navigation 2 | . . . . . . . . . . . . . . 1 . 1 . . . . . . . . . Protovariant Controls 1 | . . . . . . . . . . . . . . . . . . . . 1 . . . . . Release Object 2 | . . . . . 2 . . . . . . . . . . . . . . . . . . . . Fabricator Hacks . | . . . . . . . . . . . . . . . . . . . . . . . . . . Repair Station Hacks 3 | . . . 2 . . . . . . . . . . . . . 1 . . . . . . . . Scan Component 2 | . . . 1 . . . . . . . . . . . . . 1 . . . . . . . . Repair 1 | . . . 1 . . . . . . . . . . . . . . . . . . . . . . Recycling Unit Hacks 2 | . . . . . . . . . . . . . . . . . . . . . . 2 . . . Report Inventory 1 | . . . . . . . . . . . . . . . . . . . . . . 1 . . . Retrieve Components 1 | . . . . . . . . . . . . . . . . . . . . . . 1 . . . Scanalyzer 4 | . . . 2 . . . . . . . . . . . . . 2 . . . . . . . . Insert Component 2 | . . . 1 . . . . . . . . . . . . . 1 . . . . . . . . Retrieve Study 2 | . . . 1 . . . . . . . . . . . . . 1 . . . . . . . . Garrison Access Hacks 9 | . . . . 1 . . . . . . . 1 1 . 1 . 1 . 1 2 . . 1 . . Unlock Access 6 | . . . . . . . . . . . . 1 1 . 1 . 1 . . 1 . . 1 . . Seal Access 2 | . . . . 1 . . . . . . . . . . . . . . 1 . . . . . . Coupler Status 1 | . . . . . . . . . . . . . . . . . . . . 1 . . . . . Unauthorized Hacks 36 | . 5 . 3 3 11 . . . . . . . 1 3 . 1 2 1 3 2 . . 1 . . Terminals 23 | . 4 . 1 1 6 . . . . . . . 1 3 . 1 2 1 1 2 . . . . . Track 1 | . . . . . . . . . . . . . . . . . . 1 . . . . . . . Botnet 10 | . 1 . 1 . 1 . . . . . . . 1 2 . 1 1 . . 2 . . . . . Disrupt 1 | . . . . . . . . . . . . . . 1 . . . . . . . . . . . Operators 2 | . . . . . . . . . . . . . . . . . 1 . 1 . . . . . . Skim 9 | . 3 . . 1 5 . . . . . . . . . . . . . . . . . . . . Fabricators . | . . . . . . . . . . . . . . . . . . . . . . . . . . Repair Stations 3 | . . . . . . . . . . . . . . . . . . . 2 . . . 1 . . Patch 3 | . . . . . . . . . . . . . . . . . . . 2 . . . 1 . . Recycling Units 10 | . 1 . 2 2 5 . . . . . . . . . . . . . . . . . . . . Tunnel 10 | . 1 . 2 2 5 . . . . . . . . . . . . . . . . . . . . Scanalyzers . | . . . . . . . . . . . . . . . . . . . . . . . . . . Garrison Access . | . . . . . . . . . . . . . . . . . . . . . . . . . . Data Cores Recovered 2 | . . . . . . . . . . . . . . . . . . . 1 . . . . . 1 Used 1 | . . . . . . . . . . . . . . . . . . . 1 . . . . . . Hacking Detections 64 | . 7 . 3 4 6 1 . 3 5 . . 1 4 3 1 3 5 . 2 6 . 4 2 2 2 Full Trace Events 10 | . 2 . 1 . . . . 1 1 . . . . 2 . 1 1 . . . . . . 1 . Feedback Events 2 | . 1 . . . . . . . . . . . . . . . 1 . . . . . . . . Corruption 2 | . 1 . . . . . . . . . . . . . . . 1 . . . . . . . . Feedback Blocked . | . . . . . . . . . . . . . . . . . . . . . . . . . . Robot Schematics Acquired 2 | . . . . 1 . . . . . . . . . . . . . . . 1 . . . . . Robots Built . | . . . . . . . . . . . . . . . . . . . . . . . . . . Authchips . | . . . . . . . . . . . . . . . . . . . . . . . . . . Time . | . . . . . . . . . . . . . . . . . . . . . . . . . . Total Robot Build Rating . | . . . . . . . . . . . . . . . . . . . . . . . . . . Part Schematics Acquired 13 | . 1 . . 1 2 . . . . . . . . . . . . . . 5 . . . . 4 Parts Built . | . . . . . . . . . . . . . . . . . . . . . . . . . . Authchips . | . . . . . . . . . . . . . . . . . . . . . . . . . . Time . | . . . . . . . . . . . . . . . . . . . . . . . . . . Total Part Build Rating . | . . . . . . . . . . . . . . . . . . . . . . . . . . Part Studies Acquired 2 | . . . 1 . . . . . . . . . . . . . 1 . . . . . . . . Parts Repaired 1 | . . . 1 . . . . . . . . . . . . . . . . . . . . . . Time 32 | . . . 32 . . . . . . . . . . . . . . . . . . . . . . Parts Recycled . | . . . . . . . . . . . . . . . . . . . . . . . . . . Recycled Matter . | . . . . . . . . . . . . . . . . . . . . . . . . . . Retrieved Matter . | . . . . . . . . . . . . . . . . . . . . . . . . . . Retrieved Components 3 | . . . . . . . . . . . . . . . . . . . . . . 3 . . . Parts Scanalyzed 1 | . . . . . . . . . . . . . . . . . 1 . . . . . . . . Part Schematics Acquired . | . . . . . . . . . . . . . . . . . . . . . . . . . . Parts Damaged . | . . . . . . . . . . . . . . . . . . . . . . . . . . Bothacking | -11 -10 -10 -9 -9 -9 -7 -7 -6 -6 -6 -6 -6 -5 -5 -5 -5 -4 -4 -3 -3 -3 -2 -2 -2 -2 ------------ Run | Yrd Mat Min Mat Sto Rec Fac DSF Fac Ext Cet Arc Hub Fac Gar Fac Gar Fac Gar Res Tes Gar Res Qua Gar Sec Used RIF Installer 7 | . . . . . . . . . . . . . . 1 . 1 . 2 . . 1 . . 2 . Coupler Efficiency 1 | . . . . . . . . . . . . . . . . . . . . . . . . 1 . Signal Jammer 1 | . . . . . . . . . . . . . . . . . . 1 . . . . . . . Zone Cloak 1 | . . . . . . . . . . . . . . . . . . . . . . . . 1 . Robot Detection 1 | . . . . . . . . . . . . . . . . . . 1 . . . . . . . Patrol Navigation 1 | . . . . . . . . . . . . . . . . 1 . . . . . . . . . Autoassimilate 1 | . . . . . . . . . . . . . . . . . . . . . 1 . . . . Robots Hacked 9 | . . . . 1 . . . 1 . . . . . . . 2 . . 3 . . . . 2 . Non-combat 2 | . . . . . . . . 1 . . . . . . . . . . 1 . . . . . . Combat 7 | . . . . 1 . . . . . . . . . . . 2 . . 2 . . . . 2 . Autoassimilated 1 | . . . . . . . . . . . . . . . . . . . . . . . . 1 . Robot Hacks Applied 10 | . . . . 1 . . . 1 . . . . . . . 2 . . 5 . . . . 1 . parse_system 1 | . . . . 1 . . . . . . . . . . . . . . . . . . . . . find_recycling 1 | . . . . . . . . 1 . . . . . . . . . . . . . . . . . purge_threat 2 | . . . . . . . . . . . . . . . . . . . 2 . . . . . . amplify_resonance 1 | . . . . . . . . . . . . . . . . 1 . . . . . . . . . overwrite_iff 2 | . . . . . . . . . . . . . . . . . . . 2 . . . . . . formatsys_low 1 | . . . . . . . . . . . . . . . . . . . 1 . . . . . . formatsys_high 2 | . . . . . . . . . . . . . . . . 1 . . . . . . . 1 . Relay Couplers Released 26 | . . . . . . . . . . . . 3 . 11 . 4 . . . . . . . 8 . Machine Destruction 26 | . . . . . . . . . . . . 3 . 11 . 4 . . . . . . . 8 . Attached 5 | . . . . . . . . . . . . . . . . 1 . . 2 . . . . 2 . Fabnet Peak Effective % . | . . . . . . . . . . . . . . . . . . . . . . . . . . Robots Rewired 49 | . . . . . 12 . . . 23 . . . . . . . . 2 . . 4 . . 8 . Allies Hacked 1 | . . . . . . . . . . . . . . . . . . . . . . . . 1 . Hacks Repelled . | . . . . . . . . . . . . . . . . . . . . . . . . . . Allies | -11 -10 -10 -9 -9 -9 -7 -7 -6 -6 -6 -6 -6 -5 -5 -5 -5 -4 -4 -3 -3 -3 -2 -2 -2 -2 -------- Run | Yrd Mat Min Mat Sto Rec Fac DSF Fac Ext Cet Arc Hub Fac Gar Fac Gar Fac Gar Res Tes Gar Res Qua Gar Sec Total Allies 74 | . . 4 . . 12 . . . 31 5 . . . . . 3 . 2 3 . 4 . . 10 . Largest Group 22 | . . 4 4 1 12 12 12 5 22 21 21 17 . . . 2 2 2 2 . 4 4 . 7 5 Highest-Rated Group 1034 | . . 71 71 31 147 147 147 62 739 1034 1034 826 . . . 175 172 198 198 . 188 188 . 364 364 Highest-Rated Ally 159 | . . 31 31 31 27 27 27 27 159 136 130 96 . . . 95 95 99 99 . 47 47 . 119 119 Initial Warlord ECA Mod 9 | . . . . . . . . 9 9 9 9 9 8 8 . . . . . . . . . . . Total Orders 10 | . . . . . . . 3 1 . 2 4 . . . . . . . . . . . . . . STAY 3 | . . . . . . . 1 . . . 2 . . . . . . . . . . . . . . FOLLOW 5 | . . . . . . . 2 . . 1 2 . . . . . . . . . . . . . . AID 1 | . . . . . . . . . . 1 . . . . . . . . . . . . . . . PICKUP 1 | . . . . . . . . 1 . . . . . . . . . . . . . . . . . Ally Attacks 569 | . . 5 83 1 . . 15 . 188 69 19 36 . . . 21 26 . 36 . . 18 . 37 15 Total Damage 14489 | . . 83 1118 20 . . 167 . 4111 1507 566 1082 . . . 892 993 . 1270 . . 258 . 1554 868 Kills 93 | . . 2 15 . . . . . 24 6 4 5 . . . 6 8 . 7 . . 3 . 5 8 Allies Corrupted 5 | . . . . . . . . . . . . 4 . . . . . . . . . . . . 1 Allies Melted . | . . . . . . . . . . . . . . . . . . . . . . . . . . Intel | -11 -10 -10 -9 -9 -9 -7 -7 -6 -6 -6 -6 -6 -5 -5 -5 -5 -4 -4 -3 -3 -3 -2 -2 -2 -2 ------- Run | Yrd Mat Min Mat Sto Rec Fac DSF Fac Ext Cet Arc Hub Fac Gar Fac Gar Fac Gar Res Tes Gar Res Qua Gar Sec Active Infowar (turns) 8606 | 199 1050 546 804 1156 . . . . 24 . . . 591 13 . . 24 54 2 214 712 832 615 1462 308 Optics 3929 | . . . . . . . . . . . . . . . . . . . . . 712 832 615 1462 308 Sensors 795 | . . . . . . . . . 24 . . . 591 13 . . . . . 162 . 5 . . . Seismic 3809 | 199 1050 546 804 1156 . . . . . . . . . . . . . . 2 52 . . . . . Spoofing 78 | . . . . . . . . . . . . . . . . . 24 54 . . . . . . . Jamming 764 | . . . . . . . . . . . . . . . . . . . . . . 235 357 172 . Robot Analysis Total 4 | . 1 . . 1 2 . . . . . . . . . . . . . . . . . . . . Derelict Logs Recovered 2 | . . 2 . . . . . . . . . . . . . . . . . . . . . . . Drone Launches 15 | . . . . 13 . . . . 2 . . . . . . . . . . . . . . . . Drone Recoveries 3 | . . . . 3 . . . . . . . . . . . . . . . . . . . . . Exploration | -11 -10 -10 -9 -9 -9 -7 -7 -6 -6 -6 -6 -6 -5 -5 -5 -5 -4 -4 -3 -3 -3 -2 -2 -2 -2 ------------- Run | Yrd Mat Min Mat Sto Rec Fac DSF Fac Ext Cet Arc Hub Fac Gar Fac Gar Fac Gar Res Tes Gar Res Qua Gar Sec Turns Passed 23676 | 237 1431 573 804 1355 2492 76 353 444 1208 359 3812 604 731 1440 20 550 379 767 794 643 1387 832 615 1462 308 Spaces Moved 12028 | 118 721 239 370 525 1504 60 138 345 823 162 528 251 374 801 33 602 450 542 602 327 684 429 324 707 369 Core 284 | 15 . . . . . . . . . . 269 . . . . . . . . . . . . . . Treads 4714 | 103 721 239 370 525 815 . . . 134 142 . 125 11 . . . . . 455 327 635 . 78 34 . Legs 4881 | . . . . . 186 . . 141 642 20 259 126 363 788 . 285 450 542 96 . 49 429 246 259 . Wheels . | . . . . . . . . . . . . . . . . . . . . . . . . . . Hover 1885 | . . . . . 503 60 138 204 47 . . . . 13 33 317 . . . . . . . 238 332 Flight 227 | . . . . . . . . . . . . . . . . . . . 51 . . . . 176 . Fastest Speed 50 | 50 160 160 160 160 96 96 96 67 73 145 156 156 156 82 58 58 58 58 64 92 182 151 136 70 58 Average Speed 157 | 146 160 160 160 224 142 99 134 95 94 155 687 156 156 145 58 58 58 93 90 151 182 153 147 151 66 Slowest Speed 1200 | 160 160 160 160 240 280 191 171 114 145 156 1200 156 156 241 82 58 58 100 100 182 182 182 151 260 70 Overloaded Moves . | . . . . . . . . . . . . . . . . . . . . . . . . . . Propulsion Burnouts . | . . . . . . . . . . . . . . . . . . . . . . . . . . Robots Hopped 2 | . . . . . . . . . . . . . . . . . . . . . . . . 2 . Potential Cave-ins 4 | . . . . . . . . . . . . . . . . . . . . . . 4 . . . Cave-ins Triggered . | . . . . . . . . . . . . . . . . . . . . . . . . . . Spacefolds 12 | . . . . . . . . . . . . . . . . . . . . . . . . . 12 Exploration Rate (%) 49 | 7 93 45 38 66 99 2 87 9 85 67 83 32 15 86 2 84 12 64 23 50 77 19 43 82 21 Regions Visited 25 Branch Regions 10 Pre-discovered Areas 15 | . 1 2 2 2 8 . . . . . . . . . . . . . . . . . . . . Known Exits Taken 10 | . 1 . 1 . . 1 . . . . . . 1 . 1 . 1 . 1 1 . 1 1 . . Unknown Exits Taken 9 | 1 . 1 . 1 1 . . 1 1 1 1 1 . . . . . . . . . . . . . Scrap Searched 2 | . . 2 . . . . . . . . . . . . . . . . . . . . . . . Spaces Dug 83 | . . 5 . 2 3 . . . . . . . 3 24 . 1 . 14 2 3 3 20 3 . . Terrain Destroyed 925 | . . 10 7 3 8 . . . 12 . 19 193 23 71 . 17 70 88 23 65 129 52 59 76 . Melee . | . . . . . . . . . . . . . . . . . . . . . . . . . . Projectile 520 | . . . . 3 8 . . . 12 . 19 9 3 5 . 17 59 88 23 65 96 52 59 2 . AOE 357 | . . 10 7 . . . . . . . . 178 20 57 . . 11 . . . . . . 74 . Terrain Rammed . | . . . . . . . . . . . . . . . . . . . . . . . . . . Walls Destroyed . | . . . . . . . . . . . . . . . . . . . . . . . . . . Machines Disabled . | . . . . . . . . . . . . . . . . . . . . . . . . . . Actions | -11 -10 -10 -9 -9 -9 -7 -7 -6 -6 -6 -6 -6 -5 -5 -5 -5 -4 -4 -3 -3 -3 -2 -2 -2 -2 --------- Run | Yrd Mat Min Mat Sto Rec Fac DSF Fac Ext Cet Arc Hub Fac Gar Fac Gar Fac Gar Res Tes Gar Res Qua Gar Sec Total 15543 | 154 858 385 485 640 1791 76 271 430 1084 244 656 369 505 1011 33 754 533 726 795 443 801 584 438 1069 408 Wait 1220 | 3 33 114 11 20 186 13 40 42 75 52 68 23 6 41 . 38 13 56 57 20 29 46 31 181 22 Move 11979 | 117 720 238 369 524 1503 59 137 344 822 161 527 250 374 800 33 601 450 541 601 327 683 428 324 702 344 Hop 2 | . . . . . . . . . . . . . . . . . . . . . . . . 2 . Pick Up 143 | 9 7 2 18 11 8 . 10 8 3 2 2 1 8 13 . 3 4 4 9 . 1 3 6 10 1 Fast Attach 121 | 6 5 1 6 6 3 1 2 3 3 4 2 5 5 3 . 3 7 4 10 17 4 6 3 4 8 Attach 47 | 2 2 1 2 1 4 3 1 2 1 . . 3 . 2 . 2 1 2 2 2 . 6 1 7 . Detach 24 | . . . 1 . 2 . . 1 . . . 3 . . . 2 3 . 1 2 . 5 . 4 . Swap 146 | . 4 2 8 15 3 . 1 1 31 2 . 6 7 17 . 4 4 1 14 5 3 3 5 8 2 Drop 221 | . 9 1 15 22 16 . 10 11 9 6 4 1 11 18 . 5 7 6 19 17 6 3 10 9 6 Fire 1347 | 16 77 24 51 32 36 . 20 17 93 17 53 75 18 107 . 83 44 102 81 52 74 82 57 112 24 Melee 73 | . . . . 1 25 . . 1 46 . . . . . . . . . . . . . . . . Ram 2 | . . . . . . . . . . . . . . . . . . . . . . . . 1 1 Kick 7 | . . . . . . . . . 1 . . 2 1 . . . . . . . . 2 1 . . Crush 15 | 1 1 2 4 3 3 . . . . . . . . . . . . . . 1 . . . . . Escape Stasis 99 | . . . . . . . 49 . . . . . . 10 . 12 . . . . 1 . . 27 . Rewire 16 | . . . . . 2 . . . . . . . . . . 1 . 10 1 . . . . 2 . Trap 76 | . . . . . . . 1 . . . . . 75 . . . . . . . . . . . . Miscellaneous 5 | . . . . 5 . . . . . . . . . . . . . . . . . . . . . Route ------- -11/Scrapyard -10/Materials (discovered 5 exits: *Mat x3 / *Min / [*Sub]) -10/Mines -9/Materials (discovered 2 exits: [*Min] / *Sto) -9/Storage -9/Recycling -7/Factory -7/DSF -6/Factory (discovered 2 exits: [*Low] / *Ext) -6/Extension (discovered 2 exits: *Fac / *Cet) -6/Cetus (discovered 2 exits: *Fac / *Arc) -6/Archives (discovered 3 exits: *Fac / *Hub x2) -6/Hub_04(d) -5/Factory (discovered 2 exits: *Fac / Gar) -5/Garrison (discovered 3 exits: *Fac x3) -5/Factory -5/Garrison (discovered 3 exits: *Fac x3) -4/Factory -4/Garrison -3/Research (discovered 2 exits: *Tes x2) -3/Testing -3/Garrison (discovered 3 exits: *Res x3) -2/Research (discovered 2 exits: *Qua x2) -2/Quarantine -2/Garrison (discovered 3 exits: *Sec x3) -2/Section 7 History --------- Turn | Location | Event 4 | -11/Scrapyard | Discovered new exit (range 16) 11 | -11/Scrapyard | Released all parts (1) 238 | -11/Scrapyard | Entered Materials 274 | -10/Materials | Central database locked down 314 | -10/Materials | Discovered new exit (range 6) 315 | -10/Materials | Build established: Mutant 621 | -10/Materials | Discovered new exit (range 10) 738 | -10/Materials | Derelicts attacked the area 1143 | -10/Materials | Discovered new exit (range 10) 1216 | -10/Materials | Discovered new exit (range 15) 1242 | -10/Materials | Identified exit to Mines 1669 | -10/Materials | Entered Mines 1743 | -10/Mines | Assembled infested the area 2004 | -10/Mines | Core integrity fell below 50% 2009 | -10/Mines | Escorted by a lone wolf Derelict 2029 | -10/Mines | Learned location of Storage (-9) 2032 | -10/Mines | A weapon hastily lodged in a ceiling crevice suddenly fell to the ground 2133 | -10/Mines | Discovered new exit (range 12) 2171 | -10/Mines | Assisted by bots powering up and referring to "LRC-V3" 2209 | -10/Mines | Learned 2 Materials zone layouts 2242 | -10/Mines | Entered Materials 2242 | -9/Materials | Accompanied by 4 allies 2242 | -9/Materials | Evolved 2 slots: Propulsion x1, Utility x1 2243 | -9/Materials | Identified exit to Storage 2342 | -9/Materials | Repaired Battle Rifle? 2788 | -9/Materials | Build established: Scavenger-Mutant 2943 | -9/Materials | Discovered new exit (range 16) 3046 | -9/Materials | Entered Storage 3046 | -9/Storage | Accompanied by 1 ally 3268 | -9/Storage | Met 01-MTF 3383 | -9/Storage | Build established: Mutant 3939 | -9/Storage | Garrison activated, responded to threat 4177 | -9/Storage | Destroyed 01-MTF 4390 | -9/Storage | Used back door to open Recycling access 4390 | -9/Storage | Discovered new exit (range 3) 4401 | -9/Storage | Entered Recycling 4401 | -9/Recycling | Accompanied by 9 allies 4553 | -9/Recycling | Scanned before Scraplab entrance 4601 | -9/Recycling | Angered Scraplab inhabitants 4653 | -9/Recycling | Lost 3 allies 5057 | -9/Recycling | Discovered new exit (range 7) 5311 | -9/Recycling | Learned Materials emergency access door positions 5377 | -9/Recycling | Learned Storage emergency access door positions 5380 | -9/Recycling | Learned location of 1 exit from Recycling 5388 | -9/Recycling | Learned Materials repair station intel 5404 | -9/Recycling | Learned Storage trap positions 5700 | -9/Recycling | Found Prototype Device 5700 | -9/Recycling | Identified Scrap Engine 6218 | -9/Recycling | Build established: Commander-Construct 6893 | -9/Recycling | Entered Factory 6893 | -7/Factory | Accompanied by 12 allies 6893 | -7/Factory | Evolved 4 slots: Propulsion x1, Utility x2, Weapon x1 6954 | -7/Factory | Identified exit to DSF 6969 | -7/Factory | Entered DSF 6969 | -7/DSF | Accompanied by 12 allies 7015 | -7/DSF | Additional patrols routed to DSF 7086 | -7/DSF | Lost 4 allies 7228 | -7/DSF | Discovered new exit (range 12) 7260 | -7/DSF | Sterilization system engaged 7280 | -7/DSF | Ambient heat levels rising (+10) 7295 | -7/DSF | Ambient heat levels rising (+10) 7310 | -7/DSF | Ambient heat levels rising (+10) 7322 | -7/DSF | Entered Factory 7322 | -6/Factory | Accompanied by 5 allies 7322 | -6/Factory | Evolved 2 slots: Propulsion x1, Utility x1 7493 | -6/Factory | Discovered new exit (range 11) 7762 | -6/Factory | Discovered new exit (range 5) 7766 | -6/Factory | Entered Extension 7794 | -6/Extension | Lost 3 allies 7974 | -6/Extension | Build established: Construct 8067 | -6/Extension | Rescued A7 8111 | -6/Extension | Rescued a captive Derelict 8134 | -6/Extension | Rescued a captive Derelict 8135 | -6/Extension | Rescued a captive Derelict 8159 | -6/Extension | Rescued a captive Derelict 8159 | -6/Extension | Rescued a captive Derelict 8304 | -6/Extension | Spotted B-75 Beast 8328 | -6/Extension | Allies destroyed B-75 Beast 8345 | -6/Extension | Spotted B-75 Beast 8373 | -6/Extension | Destroyed B-75 Beast 8395 | -6/Extension | Lost 5 allies 8426 | -6/Extension | Rescued a captive Derelict 8426 | -6/Extension | Rescued a captive Derelict 8441 | -6/Extension | Disrupted transfer network 8683 | -6/Extension | Lost 6 allies 8830 | -6/Extension | Build established: Commander-Construct 8904 | -6/Extension | Discovered new exit (range 10) 8906 | -6/Extension | Discovered new exit (range 6) 8974 | -6/Extension | Entered Cetus 8974 | -6/Cetus | Accompanied by 21 allies (A7) 8979 | -6/Cetus | Acquired a Cetus Manufacturing Module code from A7 9002 | -6/Cetus | Spotted Cetus Guard 9002 | -6/Cetus | Spotted Cetus Guard 9005 | -6/Cetus | Spotted Cetus Guard 9005 | -6/Cetus | Spotted Cetus Guard 9007 | -6/Cetus | Destroyed Cetus Guard 9024 | -6/Cetus | Allies destroyed Cetus Guard 9024 | -6/Cetus | Allies destroyed Cetus Guard 9028 | -6/Cetus | Destroyed Cetus Guard 9053 | -6/Cetus | Lost 3 allies 9092 | -6/Cetus | Started Cetus Manufacturing Module 9116 | -6/Cetus | Escorted A7 to Cetus Mainframe 9117 | -6/Cetus | Manufactured an Enhanced Grunt 9135 | -6/Cetus | Discovered new exit (range 15) 9142 | -6/Cetus | Manufactured an Enhanced Grunt 9163 | -6/Cetus | Spotted Cetus Guard 9163 | -6/Cetus | Spotted Cetus Guard 9166 | -6/Cetus | Spotted Cetus Guard 9166 | -6/Cetus | Spotted Cetus Guard 9167 | -6/Cetus | Manufactured an Enhanced Grunt 9173 | -6/Cetus | Destroyed Cetus Guard 9177 | -6/Cetus | Destroyed Cetus Guard 9182 | -6/Cetus | Destroyed Cetus Guard 9186 | -6/Cetus | Destroyed Cetus Guard 9192 | -6/Cetus | Manufactured an Enhanced Grunt 9196 | -6/Cetus | Discovered new exit (range 15) 9204 | -6/Cetus | Met Revision 17 9217 | -6/Cetus | Manufactured an Enhanced Grunt 9333 | -6/Cetus | Entered Archives 9333 | -6/Archives | Accompanied by 21 allies (A7) 9338 | -6/Archives | Received a hacking code to weaken MAIN.C 9338 | -6/Archives | Murdered A7 9341 | -6/Archives | Extracted ID and sensor layout for unrecognized location from A7's data core 9374 | -6/Archives | Lost 3 allies 9392 | -6/Archives | Discovered new exit (range 15) 9484 | -6/Archives | Discovered new exit (range 16) 9501 | -6/Archives | Unable to access archive contents 9501 | -6/Archives | Unable to access archive contents 9501 | -6/Archives | Unable to access archive contents 9501 | -6/Archives | Unable to access archive contents 11548 | -6/Archives | Discovered new exit (range 16) 13145 | -6/Archives | Entered Hub_04(d) 13145 | -6/Hub_04(d) | Accompanied by 17 allies 13170 | -6/Hub_04(d) | Identified exit to Garrison 13181 | -6/Hub_04(d) | Network Hub disabled 13207 | -6/Hub_04(d) | Murdered 7 allies 13313 | -6/Hub_04(d) | Garrison activated, responded to threat 13332 | -6/Hub_04(d) | Discovered new exit (range 16) 13389 | -6/Hub_04(d) | Spotted Lightning 13390 | -6/Hub_04(d) | Spotted Lightning 13391 | -6/Hub_04(d) | Spotted Lightning 13418 | -6/Hub_04(d) | System corruption reached 10% 13419 | -6/Hub_04(d) | Destroyed Lightning 13430 | -6/Hub_04(d) | Destroyed Lightning 13455 | -6/Hub_04(d) | Destroyed Lightning 13459 | -6/Hub_04(d) | Lost 8 allies 13524 | -6/Hub_04(d) | Network Hub disabled 13629 | -6/Hub_04(d) | Destroyed 10 combat bots 13700 | -6/Hub_04(d) | Found Corrupted Prototype Device 13700 | -6/Hub_04(d) | Identified Exp. Phase Shifter 13701 | -6/Hub_04(d) | System corruption reached 30% 13749 | -6/Hub_04(d) | Entered Factory 13749 | -5/Factory | Evolved 2 slots: Power x1, Utility x1 14383 | -5/Factory | Garrison activated, responded to threat 14415 | -5/Factory | Discovered new exit (range 3) 14422 | -5/Factory | Identified exit to Factory 14480 | -5/Factory | Identified exit to Garrison 14480 | -5/Factory | Entered Garrison 14506 | -5/Garrison | Triggered checkpoint 14530 | -5/Garrison | Triggered checkpoint 14530 | -5/Garrison | Garrison Relay disabled 14712 | -5/Garrison | Spotted B-75 Beast 14744 | -5/Garrison | Destroyed B-75 Beast 14932 | -5/Garrison | Found Relay Coupler [Proto] 15007 | -5/Garrison | Destroyed 7 combat bots 15047 | -5/Garrison | Build established: Construct 15149 | -5/Garrison | Discovered new exit (range 12) 15250 | -5/Garrison | Triggered checkpoint 15253 | -5/Garrison | Garrison Relay disabled 15396 | -5/Garrison | Triggered checkpoint 15493 | -5/Garrison | Triggered checkpoint 15561 | -5/Garrison | Discovered new exit (range 14) 15572 | -5/Garrison | Installed Relay Interface Framework 15622 | -5/Garrison | Triggered checkpoint 15654 | -5/Garrison | Garrison Relay disabled 15912 | -5/Garrison | Discovered new exit (range 8) 15920 | -5/Garrison | Entered Factory 15940 | -5/Factory | Identified exit to Garrison 15940 | -5/Factory | Entered Garrison 15992 | -5/Garrison | Triggered checkpoint 16052 | -5/Garrison | Garrison Relay disabled 16055 | -5/Garrison | Build established: Bothacker-Construct 16098 | -5/Garrison | Spotted B-75 Beast 16129 | -5/Garrison | Destroyed B-75 Beast 16160 | -5/Garrison | Triggered checkpoint 16175 | -5/Garrison | Destroyed 11 combat bots 16178 | -5/Garrison | Discovered exit to Factory (range 14) 16187 | -5/Garrison | Found embedded Infiltrators 16252 | -5/Garrison | Triggered checkpoint 16301 | -5/Garrison | Discovered exit to Factory (range 10) 16317 | -5/Garrison | Triggered checkpoint 16420 | -5/Garrison | Discovered exit to Factory (range 3) 16428 | -5/Garrison | Triggered checkpoint 16454 | -5/Garrison | Expanded RIF knowledge: Patrol Navigation 16478 | -5/Garrison | Discovered exit to Factory (range 74) 16478 | -5/Garrison | Discovered exit to Factory (range 60) 16478 | -5/Garrison | Discovered exit to Factory (range 13) 16490 | -5/Garrison | Entered Factory 16490 | -4/Factory | Accompanied by 2 allies 16490 | -4/Factory | Evolved 2 slots: Utility x2 16740 | -4/Factory | First assault squad dispatched 16759 | -4/Factory | Garrison activated, responded to threat 16841 | -4/Factory | High security lockdown imminent 16847 | -4/Factory | Spotted B-86 Titan 16869 | -4/Factory | Identified exit to Garrison 16869 | -4/Factory | Entered Garrison 16951 | -4/Garrison | Expanded RIF knowledge: Robot Detection 17019 | -4/Garrison | Spotted B-86 Titan 17026 | -4/Garrison | Destroyed 7 combat bots 17059 | -4/Garrison | Destroyed B-86 Titan 17176 | -4/Garrison | Spotted B-86 Titan 17187 | -4/Garrison | Destroyed B-86 Titan 17216 | -4/Garrison | Expanded RIF knowledge: Signal Jamming 17392 | -4/Garrison | Triggered checkpoint 17405 | -4/Garrison | Triggered checkpoint 17467 | -4/Garrison | Discovered new exit (range 12) 17472 | -4/Garrison | Spotted B-86 Titan 17483 | -4/Garrison | Destroyed B-86 Titan 17543 | -4/Garrison | Triggered checkpoint 17575 | -4/Garrison | Spotted Striker 17579 | -4/Garrison | Spotted Striker 17584 | -4/Garrison | Destroyed Striker 17589 | -4/Garrison | Destroyed Striker 17612 | -4/Garrison | Rewired Striker 17616 | -4/Garrison | Rewired Striker 17636 | -4/Garrison | Entered Research 17636 | -3/Research | Accompanied by 2 allies 17636 | -3/Research | Evolved 2 slots: Propulsion x1, Utility x1 17836 | -3/Research | Revision forces began assault on 0b10 17889 | -3/Research | Met up with Revision 17++ 17991 | -3/Research | Found Prototype Device 17991 | -3/Research | Identified Exp. Thermal Shield 18099 | -3/Research | Build established: Scavenger-Construct 18111 | -3/Research | Identified exit to Testing 18273 | -3/Research | Spotted B-86 Titan 18298 | -3/Research | Destroyed B-86 Titan 18336 | -3/Research | Research terminal network offline 18430 | -3/Research | Entered Testing 18455 | -3/Testing | Found Prototype Ballistic Gun 18455 | -3/Testing | Identified Hyp. Multirail 18502 | -3/Testing | Protovariant out of control (PH-BC6E6ZQO9M) 18502 | -3/Testing | Unleashed a protovariant (PH-BC6E6ZQO9M) 18534 | -3/Testing | Found Prototype Processor 18534 | -3/Testing | Identified Spectral Analyzer 18545 | -3/Testing | Found Prototype Device 18545 | -3/Testing | Identified Exp. Thermal Defense Suite 18644 | -3/Testing | Spotted Investigator 18645 | -3/Testing | Destroyed Investigator 18676 | -3/Testing | Found Prototype Launcher 18676 | -3/Testing | Identified Containment Facilitator 18680 | -3/Testing | First assault squad dispatched 18688 | -3/Testing | Destroyed 7 combat bots 18711 | -3/Testing | Found Prototype Processor 18711 | -3/Testing | Identified Exp. Targeting Computer 19073 | -3/Testing | Identified exit to Garrison 19073 | -3/Testing | Entered Garrison 19115 | -3/Garrison | Expanded RIF knowledge: Autoassimilate 19173 | -3/Garrison | Triggered checkpoint 19459 | -3/Garrison | Spotted B-86 Titan 19461 | -3/Garrison | Triggered checkpoint 19468 | -3/Garrison | Destroyed B-86 Titan 19507 | -3/Garrison | Destroyed 16 combat bots 19527 | -3/Garrison | Triggered checkpoint 19656 | -3/Garrison | Discovered new exit (range 9) 19871 | -3/Garrison | Triggered checkpoint 19912 | -3/Garrison | Discovered new exit (range 10) 20210 | -3/Garrison | Discovered new exit (range 17) 20211 | -3/Garrison | Triggered checkpoint 20348 | -3/Garrison | Destroyed 12 combat bots 20404 | -3/Garrison | Found Unknown Device 20460 | -3/Garrison | Entered Research 20460 | -2/Research | Accompanied by 4 allies 20460 | -2/Research | Evolved 2 slots: Utility x2 20460 | -2/Research | Identified Quantum Capacitor 20675 | -2/Research | Identified exit to Quarantine 20710 | -2/Research | First assault squad dispatched 20902 | -2/Research | Destroyed 7 combat bots 20957 | -2/Research | Found Spectral Analyzer 21140 | -2/Research | High security lockdown imminent 21207 | -2/Research | Destroyed 12 combat bots 21211 | -2/Research | Lost 3 parts (1p1u1w) 21220 | -2/Research | High security lockdown engaged 21292 | -2/Research | Entered Quarantine 21377 | -2/Quarantine | Found Alien Artifact 21377 | -2/Quarantine | Identified Phase Armor 21542 | -2/Quarantine | First assault squad dispatched 21633 | -2/Quarantine | Build established: Construct 21641 | -2/Quarantine | Found Alien Artifact 21641 | -2/Quarantine | Identified Phase Redirector 21648 | -2/Quarantine | Destroyed 8 combat bots 21667 | -2/Quarantine | Cryocooling Duct disabled 21682 | -2/Quarantine | Ambient heat levels rising (+20) 21682 | -2/Quarantine | Non-combat units ordered to evacuate 21837 | -2/Quarantine | Garrison activated, responded to threat 21907 | -2/Quarantine | Identified exit to Garrison 21907 | -2/Quarantine | Entered Garrison 21927 | -2/Garrison | Triggered checkpoint 21951 | -2/Garrison | Garrison Relay disabled 21978 | -2/Garrison | Triggered checkpoint 22024 | -2/Garrison | Expanded RIF knowledge: Zone Cloak 22341 | -2/Garrison | Spotted B-90 Cyclops 22351 | -2/Garrison | Triggered checkpoint 22357 | -2/Garrison | Triggered checkpoint 22357 | -2/Garrison | P-80 Master assimilated allied Swordsman 9c 22378 | -2/Garrison | Destroyed B-90 Cyclops 22396 | -2/Garrison | Lost 3 allies 22399 | -2/Garrison | Destroyed 9 combat bots 22403 | -2/Garrison | Lost 4 parts (2p1n1u) 22414 | -2/Garrison | System corruption reached 10% 22486 | -2/Garrison | Discovered new exit (range 20) 22526 | -2/Garrison | Expanded RIF knowledge: Coupler Efficiency 22682 | -2/Garrison | Build established: Scavenger-Mutant 22875 | -2/Garrison | Triggered checkpoint 22928 | -2/Garrison | Garrison Relay disabled 22978 | -2/Garrison | Discovered new exit (range 20) 23035 | -2/Garrison | Triggered checkpoint 23076 | -2/Garrison | Discovered new exit (range 13) 23148 | -2/Garrison | Spotted Executioner 23148 | -2/Garrison | Spotted Executioner 23214 | -2/Garrison | Found Relay Coupler [Proto] 23217 | -2/Garrison | Found Relay Coupler [Proto] 23224 | -2/Garrison | Found Relay Coupler [Proto] 23286 | -2/Garrison | Autoassimilated Executioner with RIF 23333 | -2/Garrison | Assimilated Executioner with formatsys_high 23369 | -2/Garrison | Entered Section 7 23369 | -2/Section 7 | Accompanied by 5 allies 23378 | -2/Section 7 | Found Alien Artifact 23378 | -2/Section 7 | Identified Integrated Dissipator 23378 | -2/Section 7 | Installed Integrated Dissipator, increased core heat dissipation (+20) 23463 | -2/Section 7 | Core integrity fell below 50% 23545 | -2/Section 7 | Found Prototype Processor 23545 | -2/Section 7 | Identified Exp. Core Analyzer 23566 | -2/Section 7 | Build established: Botlord-Gunner 23599 | -2/Section 7 | Lost 4 allies 23614 | -2/Section 7 | Found Alien Artifact 23614 | -2/Section 7 | Identified Spacefold Activator 23619 | -2/Section 7 | First assault squad dispatched 23667 | -2/Section 7 | Lost 3 parts (2u1w) 23669 | -2/Section 7 | Core integrity fell below 20% 23677 | -2/Section 7 | Destroyed by G-73 Enforcer with Heavy Laser Last Messages --------------- 23661_ Spacefolded through Wall. [Achievement: Walls Are Suggestions] 23665_ Slug penetrates Wall. 23665_ Penetrated by Slug. 23666_ W-44 Eye sends out distress signal. 23667_ Knocked back. 23667_ Spacefolded through Quantum Generator. 23669_ Adv. Heat Sink destroyed. 23669_ Antimatter-Quantum Reactor destroyed. 23669_ Arm. Scrap Engine damaged due to network destabilization (-5). 23669_ Spacefolded through Wall. 23670_ Penetrated by Slug. 23670_ Slug penetrates Wall. 23670_ Terminal disabled. 23670_ Spacefolded through Terminal. 23673_ Slug penetrates Terminal. 23674_ Spacefolded through Dark Matter Chamber. 23676_ System corrupted: Energy discharge (-38). 23676_ Spacefolded through Wall. 23677_ Adv. Heat Sink destroyed. Map ----- +----------------------------------------------------+ | # """ #???????#%%! #??###????????????????????? | | # """ #???????#[= #? ?????????????????????? | | # #???????+ # ??????????????????????? | | # #???????# # ???????????????????????? | | #########???????#* + ????????????????????????? | | #???????????????#$! # ????????????????????????? | | #######???????????#%$| # ???????????????????????? | | #???????????#$$ #? ??????????????????????? | | #????########= #####+#########???????????? | | #????# #???????????? | | "" #????# #???????????? | | "" ] ###### #???????????? | | "" ] %/ #???????????? | | ####### ######+############????????????????? | | #?????# # #?????????????????????? | | #?????# # #?????????????????????? | | #?????# # " " #?????????????????????? | | ####### # " " " " #?????????????????????? | | + # " " " " #?????????????????????? | | ############# # " """ " #?????????????????????? | | ????????????# # " " #?????????????????????? | | ????????????# # " """"" #?????????????????????? | | ????????????# # #?????????????????????? | | ????????????# # #?????????????????????? | | ????????????# # gYg #?????????????????????? | | ????????????# # g @ #?????????????????????? | | ????????????# ##############?????????????????????? | | ????##+###### ####??# ??##???????????????????????? | | ????? ####/######?????????????????????? | | ?????? # #?????????????????????? | | ???????? # """"""" #?????????????????????? | | ????????? # """"""" #?????????????????????? | | ?????????? # """"""" #?????????????????????? | | ???????????# # #?????????????????????? | | ???????????# # """"""" #?????????????????????? | | ???????????# / """"""" #?????????????????????? | | ???????????# # """"""" #?????????????????????? | | ???????????# / #?????????????????????? | | ???????????# # #?????????????????????? | | ???????????# # #?????????????????????? | | ???????????## ## #?????????????????????? | | ????????????# ## " #?????????????????????? | | ????????????# ## % T" #?????????????????????? | | ????????????# ## "" #?????????????????????? | | ????????????#^^ ## #?????????????????????? | | ????????????#^^ #### ### ###?????????????????????? | | ????????????# ## #?????????????????????? | | ????????????# ##[ """ #?????????????????????? | | ????????????# ## """ #?????????????????????? | | ????????????# ## """ #?????????????????????? | +----------------------------------------------------+ Best States ------------- Heat Dissipation 131 Coolant Potential 100 Energy Generation 64 Energy Capacity 866 Matter Stores 393 Matter Capacity 800 Sight Range 24 Robot Scan Range 18 Terrain Scan Density 10 Jamming Range 16 Additional Mass Support 9 Base Temperature (-) 200 Corruption Containment 8 Armor Coverage 450 Weapon Cycling 25 Phase Shifting 20 Evasion (%) 75 Targeting Accuracy 6 Melee Accuracy 8 Target Analysis 8 Core Analysis 11 Recoil Reduction 5 Kinecelleration 40 Offensive Hacking 12 Relay Coupler Types 1 Relay Coupler Value 32 Authchip Count 1 Item Schematics ----------------- Hcp. Storage Unit | -10/Materials | Hacked Trap Scanner | -9/Storage | Hacked Gatling Laser | -9/Recycling | Hacked Melee Analysis Suite | -9/Recycling | Hacked Cld. Antigrav System | -3/Testing | Archive Exp. Target Analyzer | -3/Testing | Archive Adv. Energy Well | -3/Testing | Archive Electron Diverter | -3/Testing | Archive Nanosword | -3/Testing | Archive Helical Railgun | -2/Section 7 | Archive Exp. Utility Shielding | -2/Section 7 | Archive Centrium Heavy Armor Plating | -2/Section 7 | Archive Thermal Barrier | -2/Section 7 | Archive Robot Schematics ------------------ M-13 Machinist | -9/Storage | Hacked X-77 Beamer | -3/Testing | Archive Fabricated ------------ Nothing Repaired ---------- Battle Rifle | 3% | -9/Materials Studied --------- Com. Wheel | -9/Materials | Hacked Micro-nuke Launcher | -4/Factory | Hacked Alien Tech Used ----------------- Phase Armor Phase Redirector Integrated Dissipator Spacefold Activator Achievements -------------- A Problem For Future Me Analysis Probe Bumper Bots Construction Begets Destruction DATA ERROR: Steam Global Achievement% DIY Cooler Deadly Precision Deductive Reasoning For Emergencies Only Hackerman Heavy Suspicion Hot Goods I Have A Map? I Laugh At Your Crits Immobile And Lovin' It Item+ Join The Dark Side Junior Dev Let Me Out Of Here Live, Flee, And Rebuild Mindtrick Network Effect Not So Scrappy Organ Harvest Overwhelming Physics Hates This One Trick Powerful Protocols Scrappetite Spot Them First Sprinter There's More Where That Came From Throw Away The Key Tune-up Walls Are Suggestions Window Shopping You May Approach The Wall You Will Be Upgraded Challenges ------------ None Game ------ Seed MetamassMetaPower Manual? 0 Play Time 05:23:49 Cumulative 583.7 hours Start 2025.10.06 @ 11:58:45 End 2025.10.12 @ 12:07:28 Sessions 12 Manual Loads 0 Difficulty Rogue Special Mode None Game No. 333 Rogue 308 Adventurer 7 Explorer 18 Win Type - Total 47 Types 30/0/8/2/0/1/1/3/0/2 Lore% 95 Gallery% 89 Achievement% 51 Wizard Run 0 Options --------- Layout 0 ASCII 0 Keyboard 0 Movement Numpad Keybinds 0 Fullscreen 1 Font 12/Smallcaps Map View 83x54 Zoom Use 0% Tactical HUD 1 Map Filters NONE Filters NONE Steam 1 RUN: 4d8a17a6-8652-47c8-817d-795b4dbf3a5a